[Event "*** Titled Tuesday Blitz"]
[Site "Chess.com"]
[Date "2019.06.04"]
[Round "9"]
[White "SoltaniciR"]
[Black "vovachesss"]
[Result "0-1"]
[WhiteElo "2591"]
[BlackElo "2627"]
[TimeControl "180+2"]
[EndTime "15:08:03 PDT"]
[Termination "vovachesss won by checkmate"]

1. e4 c6 2. d4 d5 3. exd5 cxd5 4. c4 Nf6 5. Nc3 Nc6 6. Bg5 e6 7. Nf3 Be7 8. Bd3 O-O 9. a3 dxc4 10. Bxc4 Nd5 11.
Ne4 Bxg5 12. Nexg5 h6 13. Ne4 b6 14. O-O Bb7 15. Re1 Rc8 16. Ba2 Qc7 17. Rc1 Rfd8 18.
Qd3 Nf4 19. Qe3 Qb8 20. Bb1 Nxd4 21. Nxd4 Rxc1 22. Rxc1 Rxd4 23. g3 Nh3+ 24. Kg2 Qe5 25. Kxh3 Bxe4 26. Bxe4 Rxe4 27. Qd3 g6 28. Rc8+ Kg7 29.
Qd8 Qf5+ 30. Kg2 g5 31. h3 g4 32. Qg8+ Kf6 33. Qh8+ Kg6 34. Qg8+ Kh5 35. hxg4+ Rxg4 36. Qd8 Qe4+ 37. Kh2 Qf3 38. Rc2 Rg5 39. Rd2 Kg6 40. Qg8+ Kf6 41. Qh8+ Kf5 42. Qh7+ Ke5 43. Qh8+ f6 44.
Qb8+ Kf5 45. Qf4+ Qxf4 46. gxf4 Kxf4 47. Rd6 Re5 48. Rd7 Kf3 49. Rf7 Kxf2 50. Rxf6+ Rf5 51. Rxe6 Rh5# 0-1

[Event "*** Titled Tuesday Blitz"]
[Site "Chess.com"]
[Date "2019.06.04"]
[Round "9"]
[White "Korchmar_Vasiliy"]
[Black "Bigfish1995"]
[Result "0-1"]
[WhiteElo "2792"]
[BlackElo "2965"]
[TimeControl "180+2"]
[EndTime "15:08:10 PDT"]
[Termination "Bigfish1995 won by resignation"]

1. d4 Nf6 2. c4 g6 3. Nc3 d5 4. Nf3 Bg7 5. Bf4 O-O 6. e3 c5 7. dxc5 Ne4 8. Rc1 Nxc3 9. bxc3 Nd7 10. cxd5 Nxc5 11. Be2 Qa5 12. O-O Qxa2 13. Be5 Bxe5 14. Nxe5 Bf5 15. Bc4 Qa5 16. Qd4 Qc7 17. Ba2 Rad8 18.
f3 Ne6 19. dxe6 Rxd4 20. exf7+ Kg7 21. cxd4 Qa5 22. Bc4 b5 23. Bd5 Qd2 24. Rfe1 Rc8 25. Rcd1 Qb2 26. Bc6 Bc2 27. Ra1 Ba4 28. Kh1 Rf8 29.
Be8 a5 30. Nd7 Rxf7 31. Bxf7 Kxf7 32. Nc5 Bc2 33. Rxa5 Qc3 34. Raa1 b4 35. Ne4 Qc6 36. Nc5 b3 37. Ra7 Qb6 38. Rb7 Qa5 39. Rg1 Qc3 40. Nd7 Qxe3 41. Ne5+ Ke6 42. Rb6+ Kd5 43. Rb5+ Kxd4 44.
Nc6+ Kc4 45. Rb8 Kc3 46. Na5 Qc5 47. Ra8 b2 48. Nb7 Qb6 49. Rc8+ Kd2 50. Rd8+ Ke2 51. Rd7 Qxg1+ 0-1

[Event "*** Titled Tuesday Blitz"]
[Site "Chess.com"]
[Date "2019.06.04"]
[Round "9"]
[White "KNVB"]
[Black "Angry_Twin"]
[Result "1-0"]
[WhiteElo "2726"]
[BlackElo "2790"]
[TimeControl "180+2"]
[EndTime "15:08:15 PDT"]
[Termination "KNVB won by resignation"]

1. d4 Nf6 2. Bf4 g6 3. Nc3 d5 4. e3 Bg7 5. h4 h5 6. Be2 O-O 7. Nf3 c5 8. Nb5 Na6 9. c3 Bd7 10. a4 Ne4 11. Nd2 Nf6 12. O-O Ne8 13. Nf3 Bg4 14.
Qb3 c4 15. Qc2 Bf5 16. Qd1 Nec7 17. b3 cxb3 18. Qxb3 Ne6 19. Bg3 Nb8 20. Bxb8 Rxb8 21. Nxa7 Bg4 22. Rfe1 Bf6 23. g3 Bf5 24. Rac1 Qd7 25.
Nb5 Nd8 26. c4 dxc4 27. Bxc4 Nc6 28. Bd3 Bg4 29. Nh2 Be6 30. Bc4 Bf5 31. Bd3 Be6 32.
Qb1 Kg7 33. Bc4 Bxc4 34. Rxc4 e5 35. dxe5 Nxe5 36. Rd4 Qc6 37. Qe4 Qe6 38. Nf3 Nxf3+ 39.
Qxf3 Bxd4 40. Nxd4 Qe5 41. Rb1 Rfc8 42. Rxb7 Rxb7 43.
Qxb7 Rc1+ 44. Kg2 Qf6 45. a5 Ra1 46. Qc6 Rxa5 47. Qxf6+ Kxf6 48. Kf3 Ke5 49. Nc6+ Kd6 50. Nxa5 Kd5 51. Nb3 Ke5 52. Nd4 f5 53. Ne2 Kf6 54.
Kf4 Kg7 55. Kg5 Kf7 56. Nf4 Ke7 57. Nxg6+ Kd6 58. Kxf5 1-0

[Event "*** Titled Tuesday Blitz"]
[Site "Chess.com"]
[Date "2019.06.04"]
[Round "9"]
[White "DanielMieles1985"]
[Black "Supernotar"]
[Result "1-0"]
[WhiteElo "2648"]
[BlackElo "2559"]
[TimeControl "180+2"]
[EndTime "15:08:16 PDT"]
[Termination "DanielMieles1985 won by resignation"]

1. d4 d5 2. c4 dxc4 3. Nf3 Nf6 4. e3 e6 5. Bxc4 a6 6. O-O b5 7. Bd3 Bb7 8. Qe2 Nbd7 9. a4 b4 10. Nbd2 c5 11. Nc4 Qc7 12. b3 Be7 13. Bb2 O-O 14. Rac1 Rac8 15. dxc5 Nxc5 16. Be5 Qd8 17. Rfd1 Nxd3 18.
Rxd3 Bd5 19. Bxf6 Bxf6 20. e4 Re8 21. exd5 exd5 22. Qd1 dxc4 23. Rxd8 Rexd8 24. Qc2 c3 25. g3 Rd5 26. Kg2 Rcd8 27. Qe4 a5 28.
Rc2 g6 29. h4 h5 30. Re2 Kg7 31.
Qc4 Rd2 32. Kf1 Rd1+ 33. Re1 R1d5 34. Qe2 R8d7 35. Qe4 Rc5 36. Rc1 Rcd5 37. Ne1 Rd4 38. Qc6 R7d6 39. Qc7 R6d5 40. Nc2 Rd2 41. Ne3 Rd7 42.
Qxa5 Bd4 43. Qxb4 Bf6 44. Rc2 R2d3 45. a5 R7d4 46. Qc5 Rd6 47. Qc4 Rd2 48. Rxc3 Ra2 49. Rd3 Re6 50. b4 Re5 51. a6 Re6 52. b5 Re5 53.
Nd5 Ree2 54. Rf3 Be5 55. Nb4 Rab2 56. Qxf7+ Kh6 57. Nd3 Red2 1-0

[Event "*** Titled Tuesday Blitz"]
[Site "Chess.com"]
[Date "2019.06.04"]
[Round "9"]
[White "aquaticpineapples"]
[Black "Shivagami"]
[Result "0-1"]
[WhiteElo "2151"]
[BlackElo "2086"]
[TimeControl "180+2"]
[EndTime "15:08:17 PDT"]
[Termination "Shivagami won by checkmate"]

1. d4 d5 2. Nf3 Nf6 3. e3 c5 4.
dxc5 Nc6 5. a3 e5 6. c4 Bg4 7. h3 Bh5 8. g4 Bg6 9. cxd5 Qxd5 10. Qxd5 Nxd5 11. Bb5 f6 12. b4 O-O-O 13. Ke2 Bxb1 14. Bb2 Be4 15. Rhd1 a6 16. Bc4 Nc7 17. Nd2 Bg6 18. h4 h5 19. g5 Be7 20. f4 fxg5 21. hxg5 h4 22. Nf3 e4 23. Nd4 Bh5+ 24. Kf2 Bxd1 25. Rxd1 Nxd4 26. Bxd4 h3 27. Rh1 Rh7 28. g6 Rh6 29. f5 Bf8 30. Kg3 Rh5 31. Kg4 Rh6 32. Kg5 Ne8 33. Be5 b5 34. cxb6 Rd2 35. Bf7 Nd6 36.
Rc1+ Kb7 37. Bd4 Rg2+ 38. Kf4 Rh4+ 39. Ke5 Nc8 40. Rc7+ Kb8 41. Be6 Bd6+ 42. Kd5 Bxc7 43. bxc7+ Kxc7 44. Bxg7 Nb6+ 45. Kd4 Rd2+ 46. Kc3 h2 47.
Be5+ Kb7 48. Bxh2 Rhxh2 49. g7 Rhg2 50. f6 Nd5+ 51. Bxd5+ Rxd5 52. f7 Rd3+ 53. Kc4 Rc2# 0-1

[Event "*** Titled Tuesday Blitz"]
[Site "Chess.com"]
[Date "2019.06.04"]
[Round "9"]
[White "LuckIsMySkill"]
[Black "penguingm1"]
[Result "1/2-1/2"]
[WhiteElo "2683"]
[BlackElo "2895"]
[TimeControl "180+2"]
[EndTime "15:08:22 PDT"]
[Termination "Game drawn - insufficient material"]

1. f4 d5 2. Nf3 g6 3. e3 Bg7 4. c4 c6 5. d4 Nf6 6. Nc3 O-O 7. cxd5 cxd5 8. Be2 Nc6 9. O-O Bf5 10. Bd2 Rc8 11. Ne5 Qb6 12. Qb3 Qxb3 13. axb3 a6 14. Nxc6 Rxc6 15. b4 Rfc8 16. b5 axb5 17. Bxb5 Rb6 18.
Ra5 e6 19. Rfa1 Ne4 20. Ra8 Rxa8 21. Rxa8+ Bf8 22. Nxe4 Rxb5 23. Nf6+ Kg7 24. Ne8+ Kh6 25. Bc3 Bb4 26. h3 Bxc3 27. bxc3 Rb1+ 28. Kh2 Rb2 29.
Nd6 Be4 30. Nxe4 dxe4 31. Ra7 Kg7 32. Kg1 b5 33. Kf1 Rb1+ 34. Kf2 Rb2+ 35. Kf1 h6 36.
Rc7 g5 37. fxg5 hxg5 38. Rc5 f5 39. g4 Kf6 40. gxf5 exf5 41. Rc6+ Kf7 42. Rc5 Kg6 43. Rc6+ Kh5 44. Rf6 f4 45. exf4 gxf4 46. Rxf4 Rc2 47.
Rxe4 Rxc3 48. Ke2 Rxh3 49. d5 Kg6 50. d6 Rh7 51. Re6+ Kf5 52. Re7 Rh6 53. d7 Rd6 54. Ke3 Kf6 55. Rh7 Ke6 56. Ke4 Rxd7 57. Rxd7 Kxd7 58.
Kd5 b4 59. Kc4 Kc6 60. Kxb4 1/2-1/2

[Event "*** Titled Tuesday Blitz"]
[Site "Chess.com"]
[Date "2019.06.04"]
[Round "9"]
[White "HansCoolNiemann"]
[Black "Drags95"]
[Result "1-0"]
[WhiteElo "2717"]
[BlackElo "2769"]
[TimeControl "180+2"]
[EndTime "15:08:22 PDT"]
[Termination "HansCoolNiemann won on time"]

1. d4 Nf6 2. c4 e6 3. Nf3 d5 4. g3 Bb4+ 5. Bd2 Be7 6. Bg2 c6 7. O-O Nbd7 8. Be3 O-O 9. Nbd2 b6 10. Bf4 Nh5 11. Be3 Bb7 12. Rc1 Nhf6 13. Bf4 c5 14. dxc5 Nxc5 15. Ne5 Rc8 16. Nb3 Nce4 17. cxd5 Bxd5 18. Qd3 Bd6 19. Rfd1 Rxc1 20. Nxc1 Qc7 21. Nf3 Bxf4 22. gxf4 Qxf4 23. Qd4 Rc8 24. Nd3 Qb8 25. Nfe5 h6 26. Nf4 Qc7 27. Nxd5 exd5 28. Bxe4 dxe4 29. b3 Re8 30. Nd7 Ng4 31. Qd6 Qc2 32. h3 Qxe2 33. hxg4 Qxg4+ 34. Kf1 e3 35. fxe3 Qf3+ 36.
Kg1 Qxe3+ 37. Kf1 Qf3+ 38. Kg1 Qe3+ 39. Kf1 Qe2+ 40. Kg1 Qxa2 41. Qd3 Qa5 42. Rd2 Kh8 43. Rg2 Qe1+ 44. Qf1 Qe3+ 45. Kh2 Qxb3 46. Nf6 Re5 47. Qf4 Qe6 48. Ng4 Re4 49. Qb8+ Kh7 50. Qg3 Qg6 51. Qf3 Qh5+ 52. Kg1 Qc5+ 53. Kh2 Qd6+ 54. Kh3 Qf4 55. Qd3 f5 56. Nf6+ 1-0

[Event "*** Titled Tuesday Blitz"]
[Site "Chess.com"]
[Date "2019.06.04"]
[Round "9"]
[White "Ambitiousresolutions"]
[Black "SergeiAza"]
[Result "1/2-1/2"]
[WhiteElo "2614"]
[BlackElo "2764"]
[TimeControl "180+2"]
[EndTime "15:08:23 PDT"]
[Termination "Game drawn by repetition"]

1. e4 c5 2. Nf3 Nc6 3. Bb5 e6 4. O-O Nge7 5. Re1 Nd4 6. Nxd4 cxd4 7. c3 a6 8. Bf1 Nc6 9. b4 Be7 10. Bb2 Bf6 11. Na3 O-O 12. cxd4 Nxb4 13. Qb3 Nc6 14. e5 Be7 15. Nc4 b5 16. Nd6 Bxd6 17. exd6 Bb7 18. d5 exd5 19. Qg3 d4 20. Bd3 Qf6 21. Qh3 h6 22. Qxd7 Nb4 23. Be4 Bxe4 24. Rxe4 Rad8 25. Bxd4 Qxd4 26. Rxd4 Rxd7 27. Rxb4 Rxd6 28. a4 Rb8 29.
axb5 Rxb5 30. Rba4 Rb2 31. d4 Rf6 32. Rf1 g5 33. g3 Kg7 34. d5 Rd2 35. Ra5 g4 36. Ra4 h5 37. Ra5 Kg6 38. Kg2 Re2 39. h3 gxh3+ 40. Kxh3 Rd2 41. Kg2 Kg7 42. Kg1 Rd6 43.
Rfa1 Rf6 44. Rf1 h4 45. Kg2 Rg6 46. Kh3 hxg3 47. fxg3 Rd3 48. Rg1 Rh6+ 49. Kg2 Rg6 50. Kf2 Rb6 51. Kg2 Rg6 52. Kf2 Rb6 53. Kg2 Rd2+ 54. Kh3 Rd4 55. g4 Rd2 56. Rg2 Rb3+ 57. Rg3 Rb6 58. g5 Rd4 59. Rg4 Rb3+ 60. Rg3 Rb6 61. Rg4 Rd3+ 62. Rg3 Rd4 1/2-1/2

[Event "*** Titled Tuesday Blitz"]
[Site "Chess.com"]
[Date "2019.06.04"]
[Round "9"]
[White "NMJeevanK"]
[Black "vladimirdamjanovic"]
[Result "0-1"]
[WhiteElo "2419"]
[BlackElo "2523"]
[TimeControl "180+2"]
[EndTime "15:08:26 PDT"]
[Termination "vladimirdamjanovic won by resignation"]

1. e4 c5 2. c3 d5 3. exd5 Nf6 4. Nf3 Nxd5 5. d4 cxd4 6. cxd4 Nc6 7. Nc3 e6 8. Bd3 Be7 9. O-O b6 10. Re1 Bb7 11.
Bd2 O-O 12. Rc1 Rc8 13. Bb1 Nf6 14. Be3 Nb4 15. Ne5 Nbd5 16. Bg5 Nxc3 17. bxc3 Nd5 18.
Bd2 f5 19. c4 Nf6 20. Bg5 Ne4 21. Bxe4 Bxe4 22. Bxe7 Qxe7 23. f3 Bb7 24. Qa4 Qd6 25.
Qxa7 Qxd4+ 26. Kh1 Rc7 27. Rcd1 Qf2 28. Qa3 Qc5 29.
Qb2 Re8 30. Nd3 Qa5 31. Nf4 Rce7 32. Re5 Qa8 33. Qxb6 Bxf3 34. Rde1 Be4 35. Qb2 Qc6 36. Rc1 Qd6 37. Nh5 Rd8 38. h3 Qd2 39. Qxd2 Rxd2 40.
Nf4 Ra7 41. Rxe6 Raxa2 42. h4 Bxg2+ 43. Kg1 Be4 44. c5 Rh2 45. Rxe4 fxe4 46. c6 Rhc2 47. Re1 Rxc6 48. Nd5 Rd6 49. Ne7+ Kf7 50. Rxe4 Re6 51. Rxe6 Kxe6 52. Nc6 Rd2 53. Kf1 Kf5 54. Ke1 Rh2 55. Nd4+ Kg4 56. Kf1 Rd2 57. Ne2 Rxe2 58. Kxe2 Kxh4 59.
Kf3 g5 60. Kg2 g4 61. Kh2 g3+ 62. Kg2 Kg4 63. Kh1 h5 64. Kg1 Kf3 65. Kh1 Kg4 66. Kg1 Kh3 67. Kh1 g2+ 68. Kg1 0-1

[Event "*** Titled Tuesday Blitz"]
[Site "Chess.com"]
[Date "2019.06.04"]
[Round "9"]
[White "Thjop"]
[Black "WPWPWP-2015"]
[Result "1-0"]
[WhiteElo "2581"]
[BlackElo "2426"]
[TimeControl "180+2"]
[EndTime "15:08:27 PDT"]
[Termination "Thjop won by resignation"]

1. e4 c5 2. Nf3 d6 3. Bb5+ Nd7 4. O-O a6 5. Bd3 Ngf6 6. Re1 e5 7. a4 Be7 8. Nc3 O-O 9. Bc4 b6 10. d3 Bb7 11.
Nh4 Re8 12. Nf5 Bf8 13. Qf3 Be7 14. Bh6 g6 15. Nxe7+ Qxe7 16. Bg5 Rac8 17. Bd5 h6 18. Bxb7 hxg5 19. Bxc8 Rxc8 20. Qe3 Nh5 21. g3 Ng7 22.
Nd5 Qd8 23. c3 Ne6 24. Rac1 Kg7 25. b4 Qh8 26. Kg2 g4 27. f4 Qh3+ 28. Kg1 Rh8 29. Re2 Qh5 30. Rf1 f5 31. Qf2 Rf8 32.
Qg2 Qh6 33. exf5 gxf5 34. Nxb6 Nf6 35. Nd5 Nh5 36. fxe5 f4 37. gxf4 Nhxf4 38. Nxf4 Nxf4 39. Qxg4+ Kh8 40. Rxf4 Rg8 41. Qxg8+ Kxg8 42. Rg4+ Kf8 43. e6 Qc1+ 44. Kg2 Ke7 45. Rg7+ Kf6 46. e7 Kxg7 47.
e8=Q Qg5+ 48. Kf3 Qf5+ 49. Ke3 Qg5+ 50. Ke4 d5+ 51. Kf3 Qf5+ 52. Kg3 Qg5+ 53. Kf2 Qf4+ 54. Kg1 Qc1+ 55. Re1 Qg5+ 56. Kh1 Qg2+ 57. Kxg2 1-0

[Event "*** Titled Tuesday Blitz"]
[Site "Chess.com"]
[Date "2019.06.04"]
[Round "9"]
[White "gena217"]
[Black "Grandelicious"]
[Result "1-0"]
[WhiteElo "2902"]
[BlackElo "2776"]
[TimeControl "180+2"]
[EndTime "15:08:30 PDT"]
[Termination "gena217 won by checkmate"]

1. e4 c5 2. Nf3 Nc6 3. Bb5 g6 4. Bxc6 dxc6 5. d3 Bg7 6. h3 Nf6 7. Nc3 Nd7 8. Be3 b6 9. Qd2 h6 10. O-O e5 11. Nh2 Nf8 12. f4 exf4 13. Bxf4 Ne6 14.
Bg3 Qg5 15. Qe1 Nd4 16. Nf3 Nxf3+ 17. Rxf3 Be6 18. e5 O-O-O 19. Ne4 Qe7 20. Nd6+ Kb8 21.
Nxf7 Rdf8 22. Nxh8 Rxf3 23. Nxg6 Qg5 24. gxf3 Qxg6 25.
Kh2 Qf5 26. Qf1 Bxe5 27. Qg2 Kb7 28. c3 Bxg3+ 29. Qxg3 Qxd3 30. Rg1 Bd5 31. Qf2 Bxa2 32. f4 Be6 33. Rg3 Qf5 34. Re3 a5 35. Qf3 Bd5 36. Qg4 Qb1 37. Re2 h5 38. Qxh5 Qf1 39. Qh7+ Ka6 40.
Qd3+ c4 41. Qe3 Kb5 42. Rf2 Qh1+ 43. Kg3 Qg1+ 44. Kh4 Qg8 45. f5 Qh7+ 46. Kg3 Qg7+ 47. Kh2 Qf6 48. Qd4 Qd6+ 49. Qf4 Qf6 50. h4 Ka4 51. h5 Qf7 52. Qg4 Qc7+ 53. Kh3 Qe5 54. Qf4 Qe1 55. f6 Be6+ 56. Kh4 Qh1+ 57. Kg5 Bf7 58. Qg4 Bxh5 59. Qxc4# 1-0

[Event "*** Titled Tuesday Blitz"]
[Site "Chess.com"]
[Date "2019.06.04"]
[Round "9"]
[White "MarianPetrov"]
[Black "awesomevishesh"]
[Result "1/2-1/2"]
[WhiteElo "2618"]
[BlackElo "2458"]
[TimeControl "180+2"]
[EndTime "15:08:35 PDT"]
[Termination "Game drawn by agreement"]

1. e4 c5 2. c3 Nf6 3. e5 Nd5 4.
d4 cxd4 5. cxd4 d6 6. Nf3 Nc6 7. Bc4 dxe5 8. dxe5 Ndb4 9. Qb3 e6 10. O-O Na5 11. Bb5+ Bd7 12. Qa4 Bxb5 13. Qxb5+ Nac6 14. Nc3 a6 15. Qc4 Qd3 16. Qg4 Qg6 17. Qxg6 hxg6 18.
Rd1 Rd8 19. Rxd8+ Kxd8 20. Be3 Kc7 21. Rd1 Be7 22. a3 Nc2 23. Bf4 Rd8 24. Rxd8 Kxd8 25.
Ne4 N2d4 26. Nxd4 Nxd4 27. Be3 Nc6 28. f4 Kc7 29. Kf2 Na5 30. Ke2 Kc6 31. Kd3 b5 32. Bd4 Nc4 33. a4 Kd5 34. axb5 axb5 35. Nc3+ Kc6 36.
Ne4 Kd5 37. b3 Na5 38. Nc3+ Kc6 39. Kc2 b4 40. Ne2 Kd5 41. Bb6 Nc6 42. Kd3 g5 43. g3 gxf4 44. gxf4 g5 45. Be3 gxf4 46. Nxf4+ Kxe5 47. Ng2 f5 48. Bf4+ Kf6 49. Kc4 e5 50. Be3 f4 51. Bxf4 exf4 52. Nxf4 Ne5+ 53. Kb5 Ng4 54. Nd5+ Ke6 55. Nxe7 Kxe7 56. Kxb4 Nxh2 57. Kc5 Kd7 58. b4 1/2-1/2

[Event "*** Titled Tuesday Blitz"]
[Site "Chess.com"]
[Date "2019.06.04"]
[Round "9"]
[White "MITerryble"]
[Black "GHANDEEVAM2003"]
[Result "0-1"]
[WhiteElo "2789"]
[BlackElo "2939"]
[TimeControl "180+2"]
[EndTime "15:08:56 PDT"]
[Termination "GHANDEEVAM2003 won by resignation"]

1. d4 Nf6 2. Bg5 Ne4 3. Bf4 c5 4. f3 Qa5+ 5. c3 Nf6 6. d5 e6 7. e4 exd5 8. e5 Nh5 9. Bc1 g6 10. Qxd5 Ng7 11. Nd2 Ne6 12. Ne4 Be7 13. Bh6 Nc6 14. Nd6+ Bxd6 15. exd6 b5 16. Ne2 Bb7 17.
Nf4 b4 18. Nxe6 fxe6 19. Qd2 Ba6 20. Kf2 Rb8 21. c4 Kd8 22. Bd3 Qb6 23. b3 Kc8 24.
Be4 Nd4 25. Bg7 Re8 26. Be5 Bb7 27. Rhe1 Bxe4 28. Rxe4 Nc6 29. Rd1 Kb7 30. Bg3 Rf8 31. Kg1 Rf5 32. Bf2 Rbf8 33. Qh6 R8f7 34. Qe3 Nd4 35.
Qd3 e5 36. Bg3 Qxd6 37. Re3 Re7 38. Rde1 Ka6 39. Qe4 Nc6 40. a3 bxa3 41. Ra1 Qd4 42. Rxa3+ Kb6 43. Bf2 Qxe4 44. Rxe4 d6 45. Ra4 a5 46. Re1 Ra7 47. Rea1 Rff7 48. Rd1 Nd4 49. Rd3 Rfe7 50. Re3 Kc6 51. Rd3 Reb7 52. Bxd4 exd4 53. f4 Rb4 54. Rxb4 axb4 55. g4 d5 56. Rf3 dxc4 57.
bxc4 Ra3 58. Rf2 b3 59. Rb2 Ra1+ 0-1

[Event "*** Titled Tuesday Blitz"]
[Site "Chess.com"]
[Date "2019.06.04"]
[Round "9"]
[White "champ2005"]
[Black "LazovT"]
[Result "1/2-1/2"]
[WhiteElo "2826"]
[BlackElo "2621"]
[TimeControl "180+2"]
[EndTime "15:09:00 PDT"]
[Termination "Game drawn by repetition"]

1. d4 Nf6 2. c4 g6 3. Nf3 Bg7 4. g3 O-O 5. Bg2 d6 6. O-O Nc6 7. Nc3 e5 8. dxe5 dxe5 9. Qxd8 Rxd8 10. Bg5 Be6 11. Nd2 h6 12. Bxf6 Rxd2 13. Bxg7 Kxg7 14.
b3 Rad8 15. Bxc6 bxc6 16. Rfd1 f5 17. f3 R8d4 18. Rxd2 Rxd2 19. Rc1 h5 20. Kf2 h4 21. Ke3 Rd8 22. Rd1 Rxd1 23. Nxd1 hxg3 24. hxg3 g5 25.
Nf2 Kf6 26. Nd3 f4+ 27. gxf4 gxf4+ 28. Kd2 Bf5 29. Nb4 Bd7 30. Na6 Ke7 31. Nxc7 Bc8 32.
e3 Kd7 33. exf4 exf4 34. Kc3 Kxc7 35. Kd4 Bf5 36. Ke5 Bb1 37. a3 Ba2 38. b4 Bxc4 39.
Kxf4 Kb6 40. Ke5 c5 41. bxc5+ Kxc5 42. Ke4 Bf1 43. f4 Kc4 44. f5 Kb3 45. f6 Bc4 46. Kd4 Bf7 47. a4 a5 48. Kd3 Bg6+ 49. Kd2 Kb2 50. Kd1 Bf7 51. Kd2 Be6 52. Kd1 Kb1 53.
Kd2 Kb2 54. Kd1 Ka3 55. Kc1 Bf7 56. Kb1 Kxa4 57. Ka1 Ka3 58. Kb1 a4 59. Ka1 Kb3 60. Kb1 a3 61. Ka1 Kb4 62. Kb1 Bg6+ 63. Ka1 Bf7 64.
Kb1 Kc3 65. Ka1 Kd3 66. Kb1 Kd4 67. Ka1 Ke5 68. Kb1 Kd6 69. Ka1 Kd7 70. Kb1 Ke8 71. Ka1 Kf8 72. Kb1 Bb3 73. Ka1 Kf7 74. Kb1 Be6 75. Ka1 Kg6 76. Kb1 Bf7 77. Ka1 Kf5 78. Kb1 Ke4 79. Ka1 Kd3 80. Kb1 Kc3 81. Ka1 Kb4 1/2-1/2

[Event "*** Titled Tuesday Blitz"]
[Site "Chess.com"]
[Date "2019.06.04"]
[Round "9"]
[White "SamCopeland"]
[Black "LonesomeGeorge1"]
[Result "0-1"]
[WhiteElo "2110"]
[BlackElo "2395"]
[TimeControl "180+2"]
[EndTime "15:09:11 PDT"]
[Termination "LonesomeGeorge1 won by resignation"]

1. e4 c6 2. d4 d5 3. e5 Bf5 4.
h4 Qc7 5. Bd3 Bxd3 6. Qxd3 e6 7.
Nc3 c5 8. Nf3 Nc6 9. Bf4 a6 10.
h5 h6 11. O-O cxd4 12. Nxd4 Nxd4 13. Qxd4 Ne7 14. Bg3 Nc6 15. Qf4 Be7 16. Rfe1 O-O 17. Qg4 b5 18. Bf4 Kh7 19. Rad1 Rg8 20. Rd3 Nb4 21. Rg3 Nxc2 22. Rc1 Nd4 23. Nxd5 Qb7 24. Rc7 Qxd5 25. Rxe7 Nf5 26. Rxf7 Nxg3 27. Qg6+ Kh8 28. Bxh6 Ne2+ 29. Kh1 Qxe5 30. Be3 Rad8 31. g3 Rd1+ 32. Kg2 Qd5+ 33. f3 Qe5 34. h6 Qxg3+ 35. Qxg3 Nxg3 36.
Kxg3 gxh6+ 37. Kf2 Rb1 38. Bd4+ Rg7 39. Rxg7 Rd1 40.
Rg1+ Rxd4 41. Re1 Rd6 42. Re2 Kg7 43. Kg3 Kg6 44. Kf4 Kf6 45. Ke4 Rc6 46. Rh2 Rc5 47. Rxh6+ Ke7 48. Rh2 Kd6 49. Rd2+ Kc6 50. f4 Rh5 51. Rc2+ Kd6 52. Rd2+ Kc5 53. Rc2+ Kb4 54.
Rc6 a5 55. Rxe6 Rh2 56. f5 Rxb2 57. f6 Rxa2 58. Kf3 Ra1 59. Re2 Rf1+ 60. Rf2 Rh1 61. f7 Rh8 62. Ke4 Rf8 63. Kd5 Kc3 64. Kc5 b4 65.
Kb5 b3 66. Kxa5 b2 67. Rf1 Kc2 68. Rf2+ Kb3 69. Rf1 Ka2 70. Rf2 Ka1 71. Rf1+ b1=Q 0-1

[Event "*** Titled Tuesday Blitz"]
[Site "Chess.com"]
[Date "2019.06.04"]
[Round "9"]
[White "VladDobrov"]
[Black "Zq1"]
[Result "1-0"]
[WhiteElo "2830"]
[BlackElo "2548"]
[TimeControl "180+2"]
[EndTime "15:09:21 PDT"]
[Termination "VladDobrov won by resignation"]

1. d4 d5 2. c4 e6 3. Nc3 Be7 4.
Nf3 Nf6 5. Bf4 O-O 6. e3 b6 7. cxd5 Nxd5 8. Nxd5 Qxd5 9. Bd3 Ba6 10. Bxc7 Bb4+ 11. Ke2 Bb7 12. Qb3 Qxb3 13. axb3 Nc6 14. Ra4 Be7 15. Rc1 Nb4 16. Bb1 Rfc8 17. Kd1 g5 18.
Bg3 a5 19. Ne1 h5 20. f3 h4 21. Bf2 Bd5 22. Kd2 Bxb3 23. Ra3 Rxc1 24. Kxc1 Rc8+ 25. Kd2 a4 26. h3 Nc6 27. Ra1 Na5 28. Nd3 Nc4+ 29. Ke2 b5 30. e4 b4 31. Nc5 Bxc5 32.
dxc5 e5 33. Be1 Rxc5 34. Bxb4 Rb5 35. Bc3 f6 36. Bd3 Rc5 37. Bb4 Rc6 38. Bc3 Kf7 39. Rg1 Ke6 40. g3 hxg3 41. Rxg3 Rc7 42. Rg1 Rh7 43. Rh1 Rh8 44. Kf2 Nd6 45. Kg3 Bc4 46. Bc2 Bb3 47. Bb1 Nc4 48. Bd3 Ne3 49. Kf2 Nc2 50.
Rc1 Nd4 51. Kg3 Rd8 52. Bf1 Rd7 53.
Kf2 Rd8 54. Bb4 Nc2 55. Bc3 Nd4 56. Ba5 Rd7 57. Rc8 Nc2 58. Bc3 Nd4 59. Ra8 Nc2 60.
Ra6+ Kf7 61. Bb5 Rd1 62. Bxa4 Bxa4 63. Rxa4 Rh1 64. Kg2 Rd1 65. Ra7+ Kg6 66. Ra6 Kf7 67. Rc6 Na1 68. b4 Nb3 69. b5 Nd4 70. Rc7+ Ke6 71. b6 Rb1 72. b7 Rb3 73. Ba5 Rb2+ 74. Kf1 Nxf3 75. Rc6+ Kd7 76. Rb6 Nh2+ 77. Ke1 1-0

[Event "*** Titled Tuesday Blitz"]
[Site "Chess.com"]
[Date "2019.06.04"]
[Round "9"]
[White "Polish_fighter3000"]
[Black "severomorskij"]
[Result "1/2-1/2"]
[WhiteElo "3011"]
[BlackElo "2808"]
[TimeControl "180+2"]
[EndTime "15:09:26 PDT"]
[Termination "Game drawn by repetition"]

1. e4 c5 2. Nf3 Nc6 3. Bb5 d6 4. O-O Bd7 5. Re1 Nf6 6. c3 a6 7. Bf1 Bg4 8. h3 Bxf3 9. Qxf3 e6 10. d3 Be7 11. Be3 d5 12. Bf4 O-O 13. Nd2 b5 14. h4 b4 15. e5 Nd7 16. g3 bxc3 17. bxc3 Rb8 18. Qd1 Qa5 19. Qc2 Qa3 20. Nf3 Rb2 21.
Qc1 Rfb8 22. Re2 c4 23. dxc4 Rxe2 24. Bxe2 Nb6 25. cxd5 Nxd5 26. Bd2 Qxc1+ 27. Rxc1 Rb2 28. Bxa6 Nxe5 29. Nxe5 Rxd2 30. Bc4 Bc5 31. Nd3 Ba7 32. a4 g6 33. Kf1 Bxf2 34. Bxd5 Rxd3 35. Kxf2 Rxd5 36. Ra1 Ra5 37. Ke3 Kf8 38. Kd4 Ke7 39.
c4 Kd6 40. Kc3 Kc5 41. Kb3 e5 42. Rd1 f6 43. Rd5+ Kb6 44. Rxa5 Kxa5 45. c5 e4 46. Kc4 f5 47. Kd4 Ka6 48. Ke3 Ka5 49. Ke2 Ka6 50.
Ke3 Ka5 51. Kd4 h5 52. Kc4 Ka6 53. Kd4 Ka5 54. Kc4 Ka6 55. Kb4 Kb7 56. a5 Kc6 57. a6 Kc7 58. Kc4 Kc6 59. Kd4 Kc7 60. Ke3 Kc6 61.
Kf4 Kc7 62. Ke3 Kc6 63. Kd4 Kc7 64. Kc3 Kc6 65. Kc4 Kc7 66. Kd4 Kc6 67. Kc4 Kc7 68. Kd4 Kc6 69. Kc4 1/2-1/2

[Event "*** Titled Tuesday Blitz"]
[Site "Chess.com"]
[Date "2019.06.04"]
[Round "9"]
[White "bugsbunny444"]
[Black "Eliwood44"]
[Result "1/2-1/2"]
[WhiteElo "2471"]
[BlackElo "2350"]
[TimeControl "180+2"]
[EndTime "15:09:35 PDT"]
[Termination "Game drawn by agreement"]

1. Nf3 Nf6 2. c4 e6 3. g3 d5 4.
Bg2 Be7 5. O-O O-O 6. b3 d4 7.
e3 c5 8. exd4 cxd4 9. Re1 Nc6 10. a3 a5 11. d3 Ne8 12. Ne5 Nxe5 13. Rxe5 f6 14. Re1 e5 15. f4 Bd6 16. fxe5 fxe5 17.
Nd2 Nf6 18. Ne4 Bg4 19. Qc2 Nxe4 20. Bxe4 Bf3 21. Bb2 Bxe4 22. Rxe4 Rf3 23. Rf1 Rxf1+ 24. Kxf1 Qe7 25. Bxd4 Rf8+ 26. Kg2 Qf7 27. Bf2 Qf3+ 28. Kg1 Bc5 29. Re2 h5 30. Qd2 h4 31. Qe1 Bxa3 32.
gxh4 Bb4 33. Qd1 Qg4+ 34. Bg3 Bc5+ 35. Kg2 Qf3+ 36. Kh3 Bd4 37. Re1 Qf5+ 38. Qg4 Qxd3 39. h5 Rf6 40. Re4 Qxb3 41. Qc8+ Kh7 42. Rg4 Qd1 43. Qd7 Qf1+ 44. Kh4 Rf7 45. Qe6 e4 46. Qg6+ Kg8 47. Rxe4 Bf6+ 48. Kg4 Be7 49. h6 Qf3+ 50. Kh3 Qf1+ 51. Kg4 Qd1+ 52. Kh3 Qd7+ 53. Kg2 Qd2+ 54. Kh3 Qxh6+ 55. Qxh6 gxh6 56. Re6 Kh7 57. Rb6 Bb4 58.
Bd6 Bxd6 59. Rxd6 Rc7 60. Rb6 Rxc4 61. Rxb7+ Kg6 62. Rb5 a4 63. Ra5 Rb4 64. Kg3 h5 65. h4 Rg4+ 66. Kh3 Kh6 67. Ra6+ Kg7 68. Ra5 Rb4 69.
Rxh5 a3 70. Ra5 Rb3+ 71. Kg4 Kg6 72. Ra6+ Kg7 73. h5 Rb4+ 74. Kg5 Rb5+ 75. Kg4 Rb4+ 76.
Kg5 Rb5+ 1/2-1/2

[Event "*** Titled Tuesday Blitz"]
[Site "Chess.com"]
[Date "2019.06.04"]
[Round "9"]
[White "kleinebeer98"]
[Black "Indianlad"]
[Result "1/2-1/2"]
[WhiteElo "2748"]
[BlackElo "2873"]
[TimeControl "180+2"]
[EndTime "15:09:44 PDT"]
[Termination "Game drawn - insufficient material"]

1. e4 c6 2. d4 d5 3. f3 Qb6 4. Nc3 e6 5. a3 Ne7 6. Be3 Nd7 7. Bd3 g6 8. Nge2 Bg7 9. b4 e5 10. exd5 cxd5 11. Bf2 exd4 12. Nb5 O-O 13. Nbxd4 Qd8 14.
O-O Ne5 15. Bb5 a6 16. Ba4 Nc4 17. Bb3 Nf5 18. Nxf5 Bxf5 19. Bd4 Bh6 20. Ng3 Ne3 21. Nxf5 Nxf5 22. Bb2 d4 23. Bc1 Be3+ 24. Kh1 Qg5 25.
Bxe3 dxe3 26. f4 Qf6 27. Qf3 Rae8 28. Rae1 Re7 29. Bc4 Nd4 30. Qd5 Nxc2 31. Re2 Nd4 32. Ree1 e2 33. Rf2 Rfe8 34. f5 Nxf5 35. Kg1 Qd4 36. g4 Qxd5 37. Bxd5 Nd4 38. Bc4 Re3 39. Bxf7+ Kg7 40. Bxe8 Rxe8 41. Kg2 Re4 42. h3 g5 43. Kg3 Re3+ 44. Kg2 b6 45. a4 b5 46. a5 Re4 47.
Kg3 h6 48. Kg2 Kg6 49. Kg3 Re3+ 50. Kg2 Ne6 51. h4 Nf4+ 52. Rxf4 gxf4 53. Kf2 Rh3 54. Rxe2 Rxh4 55. Kf3 Rh1 56. Re6+ Kg5 57. Re5+ Kf6 58.
Rc5 Rf1+ 59. Ke4 f3 60. Rf5+ Kg6 61. Rxf3 Rb1 62. Ke5 Rxb4 63. Rf6+ Kg5 64. Rxa6 Ra4 65.
Kd5 b4 66. Kc4 b3+ 67. Kxb3 Rxg4 68. Rb6 Rf4 69. a6 Rf8 70. a7 Ra8 71. Rb7 h5 72.
Kb4 h4 73. Kb5 h3 74. Kb6 Kg4 75. Rb8 Rxa7 76. Kxa7 h2 77. Rg8+ Kf3 78. Rh8 Kg2 79.
Rxh2+ Kxh2 1/2-1/2